Map: Tours du crépuscule

Players

ZergEbrioCT - Winner!

  • Race: Protoss Protoss
  • League: Gold
  • Spawn Location: 1:00

zidar

  • Race: Zerg Zerg
  • League: Silver
  • Spawn Location: 7:00

VOD

Have the link to the VOD?

Description

Time

  • Played on: Feb. 19, 2016, 3:24 a.m.
  • Length: 14:20
Show
View Real Time Build Order
Export as new Build Order

ZergEbrioCT Protoss - Winner!

Build Orders:  

Get SALT Encoding   

  12  0:01  Probe (Chrono Boost)  
  13  0:11  Probe (Chrono Boost)  
  14  0:22  Pylon  
  14  0:30  Probe (Chrono Boost)  
  15  0:41  Probe (Chrono Boost)  
  16  0:49  Forge  
  16  0:54  Pylon  
  16  0:55  Pylon  
  16  1:00  Pylon  
  16  1:02  Probe (Chrono Boost)  
  17  1:12  Gateway  
  17  1:16  Probe (Chrono Boost)  
  18  1:26  Assimilator  
  18  1:30  Gateway  
  18  1:47  Gateway  
  18  1:51  Probe (Chrono Boost)  
  19  2:00  Photon Cannon  
  19  2:05  Zealot (Chrono Boost)  
  21  2:11  Probe  
  22  2:23  Probe  
  22  2:28  Zealot (Chrono Boost)  
  22  2:29  Photon Cannon  
  27  2:39  Zealot x2 (Chrono Boost)  
  31  3:01  Zealot (Chrono Boost)  
  31  3:10  Nexus  
  31  3:18  Zealot (Chrono Boost)  
  31  3:41  Zealot (Chrono Boost)  
  33  3:44  Zealot (Chrono Boost)  
  27  3:52  Cybernetics Core  
  29  3:57  Zealot (Chrono Boost)  
  29  4:04  Zealot (Chrono Boost)  
  29  4:09  Pylon  
  31  4:13  Protoss Ground Weapons Level 1  
  31  4:15  Probe  
  32  4:21  Zealot (Chrono Boost)  
  32  4:24  Warp Gate (Chrono Boost)  
  32  4:27  Probe  
  32  4:31  Adept (Chrono Boost)  
  31  4:32  Adept (Chrono Boost)  
  33  4:53  Photon Cannon  
  33  4:58  Probe  
  36  5:10  Probe, Adept (Chrono Boost)  
  37  5:16  Adept (Chrono Boost)  
  37  5:20  Adept (Chrono Boost)  
  41  5:22  Probe, Assimilator  
  41  5:27  Mothership Core  
  44  5:34  Probe  
  45  5:46  Probe  
  46  5:58  Probe  
  46  6:01  Zealot (Chrono Boost)  
  46  6:02  Zealot (Chrono Boost)  
  53  6:05  Zealot (Chrono Boost)  
  53  6:10  Robotics Facility  
  53  6:11  Probe  
  54  6:13  Probe  
  55  6:19  Pylon  
  55  6:23  Probe  
  57  6:25  Probe  
  57  6:35  Probe  
  57  6:36  Protoss Ground Armor Level 1 (Chrono Boost)  
  57  6:37  Probe  
  57  6:38  Stalker  
  57  6:39  Stalker  
  63  6:47  Probe  
  64  6:58  Sentry  
  66  7:12  Assimilator  
  66  7:14  Probe, Assimilator  
  67  7:17  Sentry  
  69  7:26  Probe, Pylon  
  69  7:28  Pylon  
  70  7:31  Pylon  
  70  7:43  Pylon  
  70  7:44  Probe  
  71  7:56  Probe  
  72  8:05  Zealot x3  
  60  8:08  Probe  
  60  8:10  Immortal (Chrono Boost)  
  55  8:20  Probe  
  52  8:32  Probe, Gateway  
  52  8:33  Gateway  
  53  8:35  Gateway  
  53  8:37  Gateway  
  53  8:39  Gateway  
  53  8:45  Gateway, Immortal (Chrono Boost)  
  57  8:51  Pylon  
  57  8:55  Nexus  
  57  9:00  Pylon  
  57  9:02  Probe  
  57  9:14  Probe  
  58  9:20  Photon Cannon  
  58  9:22  Photon Cannon  
  58  9:27  Photon Cannon  
  58  9:28  Photon Cannon  
  58  9:31  Gateway  
  58  9:40  Pylon  
  58  9:42  Photon Cannon  
  58  9:46  Photon Cannon  
  58  10:02  Stalker x3  
  58  10:03  Stalker x3  
  58  10:10  Pylon  
  52  10:20  Stalker x4  
  52  10:21  Stalker x2  
  61  10:40  Probe  
  62  10:43  Pylon  
  62  10:45  Stalker x5  
  72  10:50  Probe  
  72  10:52  Warp Prism (Chrono Boost)  
  75  11:01  Probe  
  76  11:04  Pylon  
  74  11:12  Probe  
  74  11:16  Robotics Bay  
  75  11:21  Stalker x2  
  75  11:22  Probe  
  80  11:33  Probe  
  81  11:43  Probe  
  82  11:54  Probe  
  83  12:04  Probe  
  78  12:13  Zealot x5  
  78  12:14  Zealot  
  78  12:15  Probe  
  91  12:25  Probe  
  90  12:36  Probe  
  84  12:40  Stalker x3  
  84  12:41  Stalker x4  
  95  12:46  Probe  
  95  12:49  Disruptor (Chrono Boost)  
  99  12:55  Assimilator  
  99  12:57  Probe  
  99  13:04  Nexus  
  100  13:07  Probe  
  100  13:10  Pylon  
  101  13:13  Twilight Council  
  101  13:20  Disruptor (Chrono Boost)  
  84  13:47  Stalker x3  
  84  13:48  Stalker x4  
  94  13:52  Observer (Chrono Boost)  
  97  14:13  Zealot x4  
  97  14:14  Zealot x3  
Show
View Real Time Build Order
Export as new Build Order

zidar Zerg 

Build Orders: Pool First 

Get SALT Encoding   

  12  0:01  Drone  
  13  0:12  Overlord  
  13  0:17  Drone  
  14  0:30  Drone x2  
  14  0:34  Drone  
  17  0:47  Spawning Pool  
  16  0:50  Drone  
  17  1:17  Drone  
  17  1:18  Hatchery  
  17  1:21  Extractor  
  17  1:22  Drone  
  17  1:37  Queen  
  19  1:57  Hatchery  
  18  2:12  Queen  
  20  2:19  Overlord  
  20  2:40  Zergling x8  
  24  3:00  Metabolic Boost  
  24  3:10  Drone x6  
  30  3:19  Spine Crawler  
  18  3:53  Zergling x2  
  18  3:54  Zergling x16  
  25  4:27  Zergling x2  
  25  4:28  Zergling x10  
  30  4:50  Zergling x8  
  34  5:00  Drone  
  34  5:26  Spine Crawler x2  
  31  5:45  Drone x5  
  35  6:10  Roach Warren  
  34  6:14  Zergling x2  
  34  6:15  Overlord  
  34  7:03  Zergling x2  
  35  7:11  Overlord x2  
  35  7:12  Overlord  
  35  7:30  Roach x3  
  35  7:31  Roach x6  
  35  7:33  Roach  
  41  8:31  Roach  
  41  8:32  Roach x8  
  59  8:35  Overlord  
  53  9:12  Roach x6  
  65  9:36  Hatchery  
  64  9:42  Ravager  
  65  9:47  Ravager  
  65  9:50  Ravager  
  49  10:39  Roach  
  49  10:40  Roach x4  
  59  10:43  Ravager  
  59  10:46  Overlord x2  
  59  10:47  Overlord  
  60  10:50  Ravager  
  60  10:52  Ravager  
  50  11:38  Roach x9  
  50  11:39  Zergling x2  
  69  11:40  Zergling x2  
  68  12:06  Ravager  
  43  12:40  Roach Warren  
  42  12:47  Zergling x2  
  42  12:48  Zergling x14  
  32  13:44  Zergling x2  
  32  13:45  Zergling x20  
  27  13:49  Zergling x2  
Tags
 
Add a new tag
Caveats
  • Supply blocks, unpowered buildings, or Contaminate may cause inaccurate times.
  • Supply counts are checked every 10 seconds.